 Dungeon Crawl Stone Soup version 0.31.0-11-ge490571c62 (webtiles) character file.

Game seed: 6315386118622046124

193 Amelense the Ruffian (level 5, -6/48 HPs)
             Began as a Troll Gladiator on Feb 7, 2024.
             Was an Initiate of Wu Jian.
             Mangled by an orc warrior
             ... wielding a +0 long sword of electrocution
              (12 damage)
             ... on level 6 of the Dungeon.
             The game lasted 00:07:18 (1572 turns).

Amelense the Ruffian (Troll Gladiator)              Turns: 1572, Time: 00:07:19

Health: -6/48      AC:  4    Str: 24    XL:     5   Next: 43%
Magic:  4/4        EV: 10    Int:  4    God:    Wu Jian [......]
Gold:   129        SH:  0    Dex: 11    Spells: 4/4 levels left

rFire   + .          .
                       - Unarmed
rCold   + . .        (no shield)
rNeg    . . .        a - +0 robe
rPois   .            b - +0 hat
rElec   .            i - scarf {rC+ rF+}
rCorr   .            (gloves unavailable)
SInv    .            (boots unavailable)
Will    .....        (no amulet)
Stlth   +            h - ring of flight
HPRegen 1.08/turn    (no ring)
MPRegen 0.09/turn

%: no passive effects
@: confused, flying
A: large, unfitting armour, claws 3, regeneration 1, shaggy fur 1, tough skin 1
a: Renounce Religion


You were on level 6 of the Dungeon.
You worshipped Wu Jian.
Wu Jian was noncommittal.
You visited 1 branch of the dungeon, and saw 5 of its levels.

You collected 129 gold pieces.

Inventory:

Missiles
 c - 3 throwing nets (quivered)
 d - a large rock
Armour
 a - a +0 robe (worn)
 b - a +0 hat (worn)
 i - a scarf of resistance (worn)
 r - a +1 ring mail of willpower
Jewellery
 h - a ring of flight (left claw)
 k - a ring of ice
Scrolls
 e - 2 scrolls of fear {unknown}
 j - a scroll of teleportation {unknown}
 m - a scroll of vulnerability {unknown}
 n - 3 scrolls of fog {unknown}
 o - a scroll of identify {unknown}
 p - a scroll of revelation {unknown}
 q - a scroll of noise {unknown}
Potions
 f - a potion of attraction {unknown}
 g - a potion of brilliance {unknown}
 l - 3 potions of heal wounds


   Skills:
 - Level 1.6 Fighting
 - Level 1.8 Throwing
 - Level 2.5 Dodging
 * Level 6.1 Unarmed Combat


You had 4 spell levels left.
You didn't know any spells.
Your spell library contained the following spells:

 Spells                   Type           Power      Damage    Failure   Level
 Shock                    Conj/Air       0%         1d3       50%         1
 Swiftness                Air            0%         N/A       86%         3
 Airstrike                Air            0%         2d(0-16)  99%         4
 Anguish                  Hex/Necr       0%         N/A       99%         4
 Cause Fear               Hex            0%         N/A       99%         4
 Enfeeble                 Hex            0%         N/A       100%        7


Dungeon Overview and Level Annotations

Branches:
Dungeon (4/15)
 Temple: D:4-7

Altars:
Ashenzari
Makhleb
Sif Muna
Wu Jian
Zin


Innate Abilities, Weirdness & Mutations

You are too large for most types of armour.
You have claws for hands.
Your natural rate of healing is unusually fast.
You are covered in fur. (AC +1)
You have tough skin. (AC +1)


Message History

The puff of flame hits you! You resist.
The orc warrior attacks as it pursues you!
The orc warrior closely misses you.
There is an open door here.
You bump into the rock wall.
The orc warrior hits you with a +0 long sword of electrocution!
* * * LOW HITPOINT WARNING * * *
You bump into the rock wall.
You feel less confused. Something hits you.
* * * LOW HITPOINT WARNING * * *
The orc warrior barely misses you.
An orc warrior is nearby!
It was a potion of heal wounds.
You feel much better. Something hits you but does no damage.
The orc warrior hits you with a +0 long sword of electrocution!
* * * LOW HITPOINT WARNING * * *
An orc warrior is nearby!
You feel much better.
You hear some strange, mumbled words.
A magic dart appears from out of thin air!
The magic dart hits you. The orc warrior barely misses you.
You barely miss the orc warrior. You claw the orc warrior!
The orc warrior is heavily wounded.
You hear some strange, mumbled words.
You are confused.
The orc warrior closely misses you.
You bump into the rock wall.
Something hits you.
The orc warrior hits you with a +0 long sword of electrocution.
You bump into the rock wall.
You hear some strange, mumbled words.
A puff of flame appears from out of thin air!
The puff of flame misses you.
The orc warrior hits you with a +0 long sword of electrocution!
* * * LOW HITPOINT WARNING * * *
You bump into the rock wall.
Something hits you but does no damage.
The orc warrior hits you with a +0 long sword of electrocution!
* * * LOW HITPOINT WARNING * * *
You are electrocuted!
You die...

######### ..#.....#
###########+##.#.###.#
#......#.......#.# #.#
###......#.......#.# #>###
.........#.......#.###....
.........#............####
.........####.####.##.####
......))o@....####.##.#..#
###.....{###........#....#
##########.######.#.._.#
.....................#
###############.###..# #.#
#### #.. +.. #...


You could see an orc warrior.

Vanquished Creatures
  Eustachio (D:4)
  A dart slug (D:2)
  3 orcs (D:6)
  4 ball pythons
  6 bats
  5 endoplasms
  4 giant cockroaches
  7 goblins
  3 hobgoblins
  3 quokkas
  2 frilled lizards
  7 kobolds
  5 rats
51 creatures vanquished.

Notes
Turn   | Place    | Note
-------+----------+-------------------------------------------
     0 | D:1      | Amelense the Troll Gladiator began the quest for the Orb.
     0 | D:1      | Reached XP level 1. HP: 19/19 MP: 0/0
   131 | D:1      | Reached XP level 2. HP: 24/27 MP: 1/1
   296 | D:1      | Found a faded altar of an unknown god.
   597 | D:1      | Reached skill level 4 in Unarmed Combat
   866 | D:2      | Reached XP level 3. HP: 33/33 MP: 2/2
  1339 | D:4      | Found a shimmering blue altar of Sif Muna.
  1350 | D:4      | Noticed Eustachio
  1353 | D:4      | Found an ornate altar of the Wu Jian Council.
  1364 | D:4      | Killed Eustachio
  1365 | D:4      | Reached skill level 6 in Unarmed Combat
  1365 | D:4      | Reached XP level 4. HP: 26/41 MP: 3/3
  1365 | D:4      | Reached XP level 5. HP: 31/48 MP: 4/4
  1402 | D:4      | Became a worshipper of the Wu Jian Council
  1509 | D:4      | Found a broken altar of Ashenzari.
  1512 | D:4      | Found a glowing silver altar of Zin.
  1513 | D:4      | You are sucked into a shaft and drop 2 floors!
  1513 | D:6      | Found a burning altar of Makhleb.
  1554 | D:6      | Noticed an orc warrior
  1572 | D:6      | Mangled by an orc warrior

Illustrated notes

Levels and vault maps discovered:
D:1:      dpeg_arrival_arbitrary_c, layout_loops_ring,
          hellmonk_ecumenical_altar_slurped_away, minmay_misc_feat_alley,
          minmay_misc_feat_nine_boxes, minmay_tetromino_s4
D:2:      layout_rooms
D:3:      layout_basic, lemuel_tele_altar, marbit_many_paths,
          roderic_roman_lattice, minmay_misc_feat_room
D:4:      layout_loops_ring, mainiacjoe_overflow_brackets,
          nicolae_overflow_crystal_walls, nicolae_overflow_hidden_temple,
          uniq_robin, uniq_eustachio
D:6:      layout_basic, mainiacjoe_overflow_alcove_1, ebering_ghost_inner_flame,
          uniq_crazy_yiuf_cottage

Skill      XL: |  1  2  3 |
---------------+----------+-----
Unarmed Combat | 4 6 |  6.1
Fighting       | |  1.6
Throwing       | |  1.8
Dodging        | |  2.5

Action                     |  1- 3 |  4- 6 || total
---------------------------+-------+-------++-------
  Melee: Unarmed           |   107 |     9 ||   116
         Punch             |     2 |     2 ||     4
Ability: Lunge             |       |     1 ||     1
    Use: Potion            |       |     2 ||     2
   Stab: Sleeping          |     3 |       ||     3
 Armour: Robe              |    74 |    16 ||    90
  Dodge: Dodged            |    61 |     8 ||    69
